 Dungeon Sprint DCSS version 0.29-a0-337-g68df138881 (webtiles) character file.

Game seed: 11539131297708060391

84 mhtbhm the Cudgeller (level 4, -1/63 HPs)
             Began as a Palentonga Berserker on Apr 16, 2022.
             Was a Priest of Trog.
             Slain by a two-headed ogre
             ... wielding a +0 giant spiked club
              (18 damage)
             ... in the Dungeon (Sprint IX: "|||||||||||||||||||||||||||||").
             The game lasted 00:00:34 (164 turns).

mhtbhm the Cudgeller (Palentonga Berserker)          Turns: 164, Time: 00:00:36

Health: -1/63      AC:  9    Str: 22    XL:     4   Next: 24%
Magic:  4/4        EV:  8    Int:  7    God:    Trog [***...]
Gold:   0          SH:  0    Dex: 10    Spells: 3/3 levels left

rFire   . . .      SeeInvis +   a - +2 dire flail (vorpal)
rCold   . . .      Faith    .   (shield currently unavailable)
rNeg    . . .      Spirit   .   b - +1 scale mail
rPois   .          Reflect  .   l - +0 helmet
rElec   .          Harm     .   (no cloak)
rCorr   .          Rampage  .   k - +0 pair of gloves
Will    .....      NoTele   +   (no barding)
Stlth   ..........              (no amulet)
HPRegen 0.20/turn               (no ring)
MPRegen 0.09/turn               (no ring)

@: berserking, very quick
A: large, rugged brown scales 3, see invisible, deformed body, roll 1, armoured
tail
a: Rolling Charge, Renounce Religion, Berserk, Trog's Hand


You were in the Dungeon.
You worshipped Trog.
Trog was most pleased with you.
You visited 1 branch

Inventory:

Hand Weapons
 a - a +2 vorpal dire flail (weapon)
Armour
 b - a +1 scale mail (worn)
 k - a +0 pair of gloves (worn)
 l - a +0 helmet (worn)
Jewellery
 m - a +2 ring of protection
 n - a +2 ring of evasion
Wands
 j - a wand of iceblast (10)
Scrolls
 h - 2 scrolls of blinking
Potions
 c - 5 potions of curing
 d - 3 potions of heal wounds
 e - a potion of haste
 f - 4 potions of magic
 g - a potion of berserk rage
 i - a potion of invisibility


   Skills:
 + Level 5.7 Fighting
 + Level 6.4 Maces & Flails
 + Level 2.4 Armour
 + Level 2.8 Dodging


You had 3 spell levels left.
You didn't know any spells.
Your spell library was empty.

Dungeon Overview and Level Annotations

Branches:
Dungeon (1/1)

Altars:
Cheibriados
Dithmenos
Elyvilon
Fedhas
Gozag
Hepliaklqana
Kikubaaqudgha
Makhleb
Nemelex Xobeh
Okawaru
Qazlal
Ru
Sif Muna
Trog
Uskayaw
Vehumet
Wu Jian
Xom
Yredelemnul
Zin
The Shining One
Beogh
Jiyva
Lugonu


Innate Abilities, Weirdness & Mutations

You are completely covered in rugged brown scales. (AC +3, +7% HP)
You have supernaturally acute eyesight. (SInv)
Armour fits poorly on your strangely shaped body.
You can roll at nearby foes to attack.
You have a long armoured tail.


Message History

You finish putting on your +1 scale mail.
m - a +2 ring of protection
n - a +2 ring of evasion You see here a +0 animal skin.
Okay, then.
You start removing your armour.
You continue taking off your +1 scale mail. x4
You finish taking off your +1 scale mail.
You drop a +1 scale mail.
b - a +0 animal skin You start putting on your armour.
You continue putting on your +0 animal skin. x4
You finish putting on your +0 animal skin.
Unknown command.
You start removing your armour.
You continue taking off your +0 animal skin. x4
You finish taking off your +0 animal skin.
You drop a +0 animal skin.
b - a +1 scale mail You start putting on your armour.
You continue putting on your +1 scale mail. x4
You finish putting on your +1 scale mail.
You open the door.
A yak, a wraith, 2 two-headed ogres, a centaur and a killer bee come into view.
The two-headed ogre shouts in stereo!
The yak bellows!
The two-headed ogre shouts in stereo!
The centaur shouts!
Unknown command.
A red film seems to cover your vision as you go berserk!
You feel yourself moving faster!
You feel mighty!
The two-headed ogre hits you with a +0 giant spiked club!!
The two-headed ogre hits you but does no damage.
You puncture the two-headed ogre!
The two-headed ogre is moderately wounded.
You barely miss the two-headed ogre.
Your tail-slap misses the two-headed ogre.
The two-headed ogre is moderately wounded.
The two-headed ogre hits you with a +0 giant spiked club!!
* * * LOW HITPOINT WARNING * * *
The two-headed ogre hits you with a +0 giant club!!
You die...

▓.▓
▓?▓
▓)▓
▓.▓
▓.▓
▓[▓
▓.▓
▓.▓
▓@▓
▓O▓
▓Y▓
▓W▓
▓O▓
▓c▓
▓y▓
▓.▓


You could see 2 two-headed ogres, a yak, a wraith, a centaur and a killer bee.

Vanquished Creatures
  A scorpion (D)
  An adder (D)
  A white imp (D)
  An ufetubus (D)
  An orc (D)
  An endoplasm (D)
  A hobgoblin (D)
  A frilled lizard (D)
  2 rats (D)
10 creatures vanquished.

Notes
Turn   | Place    | Note
-------+----------+-------------------------------------------
     0 | D        | mhtbhm the Palentonga Berserker began the quest for the
                  | Orb.
     0 | D        | Reached XP level 1. HP: 19/19 MP: 1/1
     8 | D        | Reached ** piety under Trog
    36 | D        | Noticed a scorpion
    39 | D        | Reached skill level 4 in Maces & Flails
    39 | D        | Reached XP level 2. HP: 26/26 MP: 2/2
    40 | D        | Reached *** piety under Trog
    52 | D        | Killed a scorpion
    53 | D        | Reached skill level 5 in Fighting
    53 | D        | Reached skill level 6 in Maces & Flails
    53 | D        | Reached XP level 3. HP: 36/36 MP: 3/3
    53 | D        | Reached XP level 4. HP: 42/42 MP: 4/4
    62 | D        | Found a snail-covered altar of Cheibriados.
    62 | D        | Found a shadowy altar of Dithmenos.
    62 | D        | Found a white marble altar of Elyvilon.
    62 | D        | Found a blossoming altar of Fedhas.
    62 | D        | Found an opulent altar of Gozag.
    63 | D        | Found a hazy altar of Hepliaklqana.
    64 | D        | Found a viscous altar of Jiyva.
    65 | D        | Found an ancient bone altar of Kikubaaqudgha.
    66 | D        | Found a corrupted altar of Lugonu.
    67 | D        | Found a burning altar of Makhleb.
    68 | D        | Found a sparkling altar of Nemelex Xobeh.
    69 | D        | Found an iron altar of Okawaru.
    70 | D        | Found a stormy altar of Qazlal.
    71 | D        | Found a sacrificial altar of Ru.
    72 | D        | Found a shimmering blue altar of Sif Muna.
    73 | D        | Found a bloodstained altar of Trog.
    74 | D        | Found a hide-covered altar of Uskayaw.
    75 | D        | Found a radiant altar of Vehumet.
    76 | D        | Found an ornate altar of the Wu Jian Council.
    77 | D        | Found a shimmering altar of Xom.
    78 | D        | Found a basalt altar of Yredelemnul.
    79 | D        | Found a glowing silver altar of Zin.
    80 | D        | Found a glowing golden altar of the Shining One.
   161 | D        | Noticed a two-headed ogre
   161 | D        | Noticed a yak
   161 | D        | Noticed a wraith
   161 | D        | Noticed a two-headed ogre
   161 | D        | Noticed a centaur
   164 | D        | Slain by a two-headed ogre

Illustrated notes

Levels and vault maps discovered:
D:        linesprint [early_d, line_temple, items_1, d_10, items_2, lair_1,
          lair_end, items_3, orc_1, orc_end, items_4, d_15, swamp_1, shoals_1,
          snake_1, spider_1, d_20, vaults_1, items_5, swamp_end, shoals_end,
          snake_end, spider_end, vaults_end, d_27, items_6, zot_1, zot_end,
          crypt_end, forest_end, elf_end, slime_end, tomb_end, abyss_end,
          pan_hell_end]

Skill      XL: |  1  2 |
---------------+-------+-----
Fighting       | 4 5 |  5.7
Maces & Flails | 4 6 |  6.4
Armour         | 2 |  2.4
Dodging        | 2 |  2.8

Action                   |  1- 3 |  4- 6 || total
-------------------------+-------+-------++-------
Melee: Mace              |    24 |     1 ||    25
       Tailslap          |     3 |     1 ||     4
       Dire flail        |       |     2 ||     2
Invok: Berserk           |     1 |     1 ||     2
Armor: Animal skin       |     7 |       ||     7
       Scale mail        |       |     1 ||     1
Dodge: Dodged            |    11 |     1 ||    12

Table legend: (Time is in decaauts)
 A = Elapsed time spent in this place.
 B = Non-inter-level travel time spent in this place.
 C = Inter-level travel time spent in this place.
 D = Time resting spent in this place.
 E = Time spent auto-exploring this place.
 F = Levels seen in this place.
 G = Mean time per level.
                   A        B        C        D        E       F      G
               +--------+--------+--------+--------+--------+-----+--------+
         Total |    171 |    171 |      0 |     17 |      3 |   1 |  171.0 |
       Dungeon |    171 |    171 |      0 |     17 |      3 |   1 |  171.0 |
               +--------+--------+--------+--------+--------+-----+--------+

Top non-repeatable levels by time:
       D: 171 daAuts
